 Dungeon Crawl Stone Soup version 0.30-a0-883-g5ad918d77d (webtiles) character file.

Game seed: 4717637603953511185

263 bobarctor the Grave Robber (level 5, -13/35 HPs)
             Began as a Demonspawn Necromancer on Mar 17, 2023.
             Mangled by an orc warrior
             ... wielding a +0 glaive
              (22 damage)
             ... on level 6 of the Dungeon.
             The game lasted 00:17:14 (2585 turns).

bobarctor the Grave Robber (Demonspawn Necromancer) Turns: 2585, Time: 00:17:14

Health: -13/35     AC:  3    Str:  9    XL:     5   Next: 98%
Magic:  2/12       EV: 12    Int: 18    God:
Gold:   222        SH:  0    Dex: 13    Spells: 9/13 levels left

rFire   + . .      SeeInvis .    s - +2 dagger (drain)
rCold   . . .      Faith    .    (no shield)
rNeg    . . .      Spirit   .    a - +0 robe
rPois   .          Reflect  .    n - +0 helmet
rElec   .          Rampage  .    (no cloak)
rCorr   .                        (no gloves)
Will    .....                    (no boots)
Stlth   ++                       (no amulet)
HPRegen 0.25/turn                d - ring of protection from fire
MPRegen 0.13/turn                (no ring)

@: no status effects
A: claws 1, ignite blood 2
a: no special abilities


You were on level 6 of the Dungeon.
You visited 1 branch of the dungeon, and saw 5 of its levels.

You collected 222 gold pieces.

Inventory:

Hand Weapons
 i - a +0 dagger
 s - a +2 dagger of draining (weapon)
Missiles
 g - 3 poisoned darts (quivered)
Armour
 a - a +0 robe (worn)
 n - a +0 helmet (worn)
Jewellery
 d - a ring of protection from fire (left claw)
Scrolls
 e - a scroll of blinking {unknown}
 f - a scroll of silence {unknown}
 h - 2 scrolls of butterflies {unknown}
 o - a scroll of fear {unknown}
 q - a scroll of teleportation {unknown}
 r - a scroll of enchant armour {unknown}
 t - a scroll of magic mapping {unknown}
 v - a scroll of identify {unknown}
Potions
 b - a potion of magic
 c - a potion of might {unknown}
 j - a potion of degeneration {unknown}
 k - a potion of attraction {unknown}
 l - a potion of brilliance
 m - a potion of ambrosia
 p - 3 potions of heal wounds
 u - a potion of invisibility {unknown}
 w - a potion of resistance {unknown}
 x - a potion of flight


   Skills:
 + Level 0.1 Throwing
 + Level 1.9 Dodging
 + Level 1.9 Stealth
 * Level 4.8 Spellcasting
 + Level 5.7 Necromancy


You had 9 spell levels left.
You knew the following spells:

 Your Spells              Type           Power      Damage    Failure   Level
a - Necrotise             Necr           96%        1d8       1%          1
b - Vampiric Draining     Necr           24%        2d7       3%          3

Your spell library contained the following spells:

 Spells                   Type           Power      Damage    Failure   Level
 Animate Dead             Necr           24%        N/A       13%         4
 Agony                    Necr           24%        N/A       34%         5


Dungeon Overview and Level Annotations

Branches:
Dungeon (6/15)
 Temple: D:4-7

Altars:
Ru

Annotations:
D:2 Sigmund
D:6 Grinder


Innate Abilities, Weirdness & Mutations

You have sharp fingernails.
Your demonic aura often causes spilled blood to erupt in flames.


Message History

Press: ? - help, Q - select action, (/) - cycle Shift-Dir - straight line, f - orc warrior
Aim: an orc warrior, wielding a +0 glaive and wearing a +0 plate armour (56% to hit)
You throw a poisoned dart. The poisoned dart hits the orc warrior.
The orc warrior is poisoned.
An orc wizard comes into view. It is wielding a +0 dagger.
An orc comes into view. It is wielding a +0 mace.
Casting: Vampiric Draining (dangerous; 3% risk of failure)
Confirm with . or Enter, or press ? or * to list all spells.
You can't see any susceptible monsters within range! (Use Z to cast anyway.)
Casting: Vampiric Draining (dangerous; 3% risk of failure)
Confirm with . or Enter, or press ? or * to list all spells.
Aiming: Necrotise (safe; 1% risk of failure)
Press: ? - help, Shift-Dir - straight line, f/p - orc warrior
Aim: an orc warrior, wielding a +0 glaive and wearing a +0 plate armour (lightly wounded, poisoned, chance to affect: 83%)
The orc warrior writhes in agony.
Casting: Necrotise (safe; 1% risk of failure)
Confirm with . or Enter, or press ? or * to list all spells.
Aiming: Necrotise (safe; 1% risk of failure)
Press: ? - help, Shift-Dir - straight line, f/p - orc warrior
Aim: an orc warrior, wielding a +0 glaive and wearing a +0 plate armour (lightly wounded, poisoned, chance to affect: 83%)
The orc warrior writhes in agony.
The orc wizard shouts!
The orc wizard points at you and mumbles some strange words.
You resist with some effort. The orc warrior misses you.
Grinder comes into view.
The orc warrior hits you with a +0 glaive!
* * * LOW HITPOINT WARNING * * *
Casting: Necrotise (safe; 1% risk of failure)
Confirm with . or Enter, or press ? or * to list all spells.
Aiming: Vampiric Draining (dangerous; 3% risk of failure)
Press: ? - help, Shift-Dir - straight line, f/p - orc warrior
Aim: an orc warrior, wielding a +0 glaive and wearing a +0 plate armour (moderately wounded, poisoned)
You draw life force from the orc warrior!
You feel life coursing into your body.
Grinder shouts!
The orc warrior looks more healthy.
The orc warrior hits you with a +0 glaive!!
Ouch! That really hurt!
You die...

.......#..#
.<(.......####.
................
...............
....#.>.....?#
.5..##.......#
#..#o.....#
#.o.o@<..#
###....○..##
........###
.#.#.#### ....#
##.. #. #


You could see Grinder, an orc warrior and 2 orcs.

Vanquished Creatures
  A howler monkey (D:5)
  A hound (D:5)
  Natasha (twice) (D:2)
  6 adders
  A worm (D:2)
  A dart slug (D:2)
  2 orcs (D:3)
  3 endoplasms
  4 giant cockroaches
  9 goblins
  9 hobgoblins
  5 jackals
  2 kobolds (D:2)
  3 quokkas
  4 ball pythons
  4 bats (D:2)
  4 frilled lizards
  4 rats
65 creatures vanquished.

Vanquished Creatures (collateral kills)
  Robin (D:2)
  An orc (D:3)
  2 endoplasms (D:2)
  2 goblins (D:2)
  A quokka (D:1)
  A kobold (D:2)
8 creatures vanquished.

Vanquished Creatures (others)
  A demonic plant (D:5)
1 creature vanquished.

Grand Total: 74 creatures vanquished

Notes
Turn   | Place    | Note
-------+----------+-------------------------------------------
     0 | D:1      | bobarctor the Demonspawn Necromancer began the quest for
                  | the Orb.
     0 | D:1      | Reached XP level 1. HP: 13/13 MP: 3/3
   345 | D:1      | Gained mutation: You have sharp fingernails. [demonic
                  | ancestry]
   345 | D:1      | Reached XP level 2. HP: 19/19 MP: 1/5
   861 | D:2      | Gained mutation: Your demonic aura sometimes causes spilled
                  | blood to erupt in flames. [demonic ancestry]
   861 | D:2      | Reached XP level 3. HP: 24/24 MP: 2/7
   947 | D:2      | Noticed Robin
   998 | D:2      | Killed Robin
  1098 | D:2      | Learned a level 3 spell: Vampiric Draining
  1163 | D:2      | Reached skill level 5 in Necromancy
  1163 | D:2      | Reached XP level 4. HP: 30/30 MP: 5/8
  1461 | D:2      | Noticed Natasha
  1474 | D:2      | Killed Natasha
  1552 | D:2      | Noticed Natasha
  1556 | D:2      | Killed Natasha
  1557 | D:2      | Gained mutation: Your demonic aura often causes spilled
                  | blood to erupt in flames. [demonic ancestry]
  1557 | D:2      | Reached XP level 5. HP: 35/35 MP: 6/11
  1652 | D:2      | Found a sacrificial altar of Ru.
  1653 | D:2      | Noticed Sigmund
  2514 | D:3      | You fall into a shaft and drop 3 floors!
  2530 | D:5      | Entered Level 5 of the Dungeon
  2557 | D:5      | Noticed an ogre
  2577 | D:6      | Noticed an orc warrior
  2584 | D:6      | Noticed Grinder
  2585 | D:6      | Mangled by an orc warrior

Illustrated notes

Levels and vault maps discovered:
D:1:      co_arrival_square_in_a_square_in_a_square, layout_loops_ring
D:2:      minmay_evil_eye, layout_rooms, basic_altar, uniq_sigmund,
          uniq_natasha, uniq_robin
D:3:      layout_basic, worldfamousw_hep_ancestral_shrine
D:5:      layout_rooms, serial_demonic, serial_demonic_c, serial_demonic_b,
          serial_demonic_e, serial_demonic_f, minmay_stone_trees_small,
          uniq_blork_the_orc
D:6:      layout_cave_pools, mainiacjoe_overflow_alcove_4, kennysheep_mini_moat,
          grunt_gozag_breadcrumbs, minmay_temple_entry_nine_rooms,
          nicolae_underground_beach, uniq_pikel, uniq_eustachio, uniq_grinder

Skill      XL: |  1  2  3  4 |
---------------+-------------+-----
Spellcasting   | 3 4 |  4.8
Necromancy     | 5 |  5.7
Throwing       | |  0.1
Dodging        | |  1.9
Stealth        | |  1.9

Action                     |  1- 3 |  4- 6 || total
---------------------------+-------+-------++-------
  Melee: Dagger            |    17 |    13 ||    30
  Throw: Dart              |     6 |     3 ||     9
   Cast: Necrotise         |    55 |    55 ||   110
         Vampiric Draining |       |     6 ||     6
    Use: Potion            |       |     5 ||     5
 Armour: Robe              |     6 |    12 ||    18
  Dodge: Dodged            |    23 |    43 ||    66

Table legend: (Time is in decaauts)
 A = Elapsed time spent in this place.
 B = Non-inter-level travel time spent in this place.
 C = Inter-level travel time spent in this place.
 D = Time resting spent in this place.
 E = Time spent auto-exploring this place.
 F = Levels seen in this place.
 G = Mean time per level.
                   A        B        C        D        E       F      G
               +--------+--------+--------+--------+--------+-----+--------+
         Total |   2585 |   2473 |    112 |    514 |   1383 |   5 |  517.0 |
       Dungeon |   2585 |   2473 |    112 |    514 |   1383 |   5 |  517.0 |
               +--------+--------+--------+--------+--------+-----+--------+

Top non-repeatable levels by time:
     D:2: 1157 daAuts
     D:1: 1055 daAuts
     D:3: 301 daAuts
     D:5: 46 daAuts
     D:6: 23 daAuts
